 Dungeon Crawl Stone Soup version 0.31.0-9-g3a7656b989 (webtiles) character file.

Game seed: 11412949652148541523

30 CaptainMV the Grave Robber (level 3, -1/27 HPs)
             Began as a Demonspawn Wanderer on Jan 25, 2024.
             Slain by an orc wizard
             ... wielding a +0 dagger
              (4 damage)
             ... on level 2 of the Dungeon.
             The game lasted 00:08:12 (1029 turns).

CaptainMV the Grave Robber (Demonspawn Wanderer)    Turns: 1029, Time: 00:08:13

Health: -1/27      AC:  2    Str: 12    XL:     3   Next: 3%
Magic:  4/4        EV: 11    Int: 12    God:
Gold:   825        SH:  0    Dex: 14    Spells: 3/4 levels left

rFire   . . .        a - +0 dagger (vamp)
rCold   . . .        (no shield)
rNeg    . . .        e - +0 robe
rPois   .            (no helmet)
rElec   .            (no cloak)
rCorr   .            (no gloves)
SInv    .            (no boots)
Will    .....        (no amulet)
Stlth   ++           (no ring)
HPRegen 0.24/turn    (no ring)
MPRegen 0.09/turn

%: no passive effects
@: about to teleport
A: demonic touch 2
a: no special abilities


You were on level 2 of the Dungeon.
You visited 1 branch of the dungeon, and saw 3 of its levels.

You collected 825 gold pieces.

Inventory:

Hand Weapons
 a - a +0 vampiric dagger (weapon)
 b - a +0 sling
 j - a +1 club
Missiles
 i - 5 poisoned darts (quivered)
 l - 4 boomerangs
Armour
 e - a +0 robe (worn)
Jewellery
 g - a ring of willpower
 k - a ring of protection from fire
Potions
 c - a potion of berserk rage
 d - a potion of attraction
 f - a potion of might
 h - a potion of degeneration {unknown}
 n - a potion of haste


   Skills:
 + Level 2.3 Fighting
 + Level 0.3 Short Blades
 + Level 0.1 Maces & Flails
 + Level 0.2 Dodging
 + Level 1.1 Stealth
 + Level 1.9 Unarmed Combat
 + Level 1.0 Spellcasting
 + Level 4.1 Necromancy
 + Level 1.2 Invocations


You had 3 spell levels left.
You knew the following spells:

 Your Spells              Type           Power      Damage    Failure   Level
a - Kiss of Death         Conj/Necr      20%        2d7       13%         1

Your spell library contained the following spells:

 Spells                   Type           Power      Damage    Failure   Level
 Fugue of the Fallen      Necr           10%        N/A       17%         3


Dungeon Overview and Level Annotations

Branches:
Dungeon (3/15)

Altars:


Innate Abilities, Weirdness & Mutations

Your touch may inflict irresistible damage on your foes.


Message History

Okay, then.
You see here a +0 sling.
n - a +0 sling Adjust to which letter? (? for menu, Esc to quit)
b - a +0 sling;
n - a potion of haste You feel the dreadful sensation subside.
b - a +0 sling (weapon)
You feel a sense of dread.
a - a +0 vampiric dagger (weapon)
Things that are here:
a +0 dagger; a +0 sling
There is a stone staircase leading down here.
You climb downwards.
The orc shouts!
The orc wizard shouts!
The orc shouts!
The rat squeaks loudly.
The kobold shouts!
The goblin shouts!
The orc shouts! x2; You hear a shout!
Found a stone staircase leading up.
There is a stone staircase leading up here.
You can't go down here!
The orc wizard hits you with a +0 dagger.
The orc hits you with a +0 mace! The orc hits you with a +0 club.
The orc closely misses you.
You climb upwards.
There is a stone staircase leading down here.
As you read the scroll of teleportation, it crumbles to dust.
You feel strangely unstable. The orc wizard barely misses you.
The orc closely misses you. The orc hits you with a +0 club.
The orc hits you with a +0 hand axe.
You hit the orc.
You feel better.
You touch the orc.
You kill the orc!
The orc wizard hits you with a +0 dagger.
The orc barely misses you. The orc hits you with a +0 mace.
* * * LOW HITPOINT WARNING * * *
You have reached level 3!
Your experience leads to an increase in your attributes!
Increase (S)trength, (I)ntelligence, or (D)exterity?
You feel agile. x2; Your demonic ancestry asserts itself...
Your hands glow brighter with unholy energy.
The orc wizard attacks as it pursues you!
The orc wizard hits you with a +0 dagger.
You die...

.. #..####..........## ##.##.##
#. #..##...#.#####.# #.##...
#.#####.##.#...# #.# #.#####
#..............# #.# #.....#
#....##.##...#.# ##.##########.#
.........#.....# #..#...##.....#
#....##..#####.## #.##...##.#####
#..).##.........###.##...##...)..
########.#..#...@...##...########
..# #....#..#.oo....##......# #.#
#.#.....#..o###.###.###.#
#.###.#....##....##.# #...#.#
.(....#.########....#####.#.#####
#.####### #####.#..........#....
... ........######.###.... ##.
##....#...# #.# #.... .#
#.####...# #.# #....


You could see an orc wizard and 2 orcs.

Vanquished Creatures
  A ribbon worm (D:2)
  An orc (D:2)
  2 bats (D:1)
  An endoplasm (D:1)
  A giant cockroach (D:2)
  3 goblins
  4 hobgoblins
  3 kobolds
  2 quokkas (D:1)
  2 ball pythons (D:1)
  3 rats
23 creatures vanquished.

Notes
Turn   | Place    | Note
-------+----------+-------------------------------------------
     0 | D:1      | CaptainMV the Demonspawn Wanderer began the quest for the
                  | Orb.
     0 | D:1      | CaptainMV set off with the following items: a +0 club, a
                  | potion of haste, a potion of lignification, a potion of
                  | attraction, a +0 robe, a potion of heal wounds; and the
                  | following spell memorised: Kiss of Death; and the following
                  | spells available to memorise: Fugue of the Fallen.
     0 | D:1      | Reached XP level 1. HP: 16/16 MP: 2/2
    65 | D:1      | Gained mutation: Your touch may inflict minor irresistible
                  | damage on your foes. [demonic ancestry]
    65 | D:1      | Reached XP level 2. HP: 14/22 MP: 3/3
   198 | D:1      | Identified a scroll of acquirement
   198 | D:1      | Acquired 773 gold pieces
   379 | D:1      | Reached skill level 4 in Necromancy
  1029 | D:2      | Gained mutation: Your touch may inflict irresistible damage
                  | on your foes. [demonic ancestry]
  1029 | D:2      | Reached XP level 3. HP: 3/27 MP: 4/4
  1029 | D:2      | Slain by an orc wizard

Illustrated notes

Levels and vault maps discovered:
D:1:      lemuel_arrival_cross, layout_basic
D:2:      layout_basic
D:3:      layout_rooms, nicolae_figureground_pulse

Skill      XL: |  1  2 |
---------------+-------+-----
Necromancy     | 4 |  4.1
Fighting       | |  2.3
Short Blades   | |  0.3
Maces & Flails | |  0.1
Dodging        | |  0.2
Stealth        | |  1.1
Unarmed Combat | |  1.9
Spellcasting   | |  1.0
Invocations    | |  1.2

Action                     || total
---------------------------++-------
  Melee: Club              ||    46
         Punch             ||     1
         Dagger            ||    48
         Touch             ||    12
    Use: Potion            ||     2
         Scroll            ||     9
 Armour: Skin              ||    27
         Robe              ||    36
  Dodge: Dodged            ||    62
